 Dungeon Crawl Stone Soup version 0.18-a0-1211-g828307d (webtiles) character file.

13 ololoev the Firebug (level 2, 15/15 HPs)
             Began as a Deep Elf Fire Elementalist on Feb 2, 2016.
             Quit the game on level 2 of the Dungeon.
             The game lasted 00:00:56 (129 turns).

ololoev the Firebug (Deep Elf Fire Elementalist)     Turns: 129, Time: 00:00:56

Health: 15/15      AC:  2    Str:  5    XL:     2   Next: 24%
Magic:  5/8        EV: 13    Int: 19    God:    Xom [..*...]
Gold:   0          SH:  0    Dex: 15    Spells: 1 memorised, 6 levels left

rFire  . . .     SeeInvis .     (no weapon)
rCold  . . .     Gourm    .     a - +0 robe
rNeg   . . .     Faith    .     (no shield)
rPois  .         Spirit   .     (no helmet)
rElec  .         Dismiss  +     (no cloak)
rCorr  .         Reflect  .     (no gloves)
SustAt .         Harm     .     (no boots)
MR     .....                    g - amulet of dismissal
Stlth  ++........               (no ring)
                                (no ring)

@: not resistant to hostile enchantments, unstealthy
A: no striking features
a: Renounce Religion

Inventory:

Armour
 a - a +0 robe (worn)
Jewellery
 g - an amulet of dismissal (around neck)
Scrolls
 d - a scroll of enchant weapon {unknown}
 e - 3 scrolls of remove curse {unknown}
Potions
 f - a potion of heal wounds {unknown}
Books
 b - a book of Flames

   Spells                             Type                      Level
   a - Flame Tongue                   Conjuration/Fire             1
   b - Throw Flame                    Conjuration/Fire             2
   c - Conjure Flame                  Conjuration/Fire             3
   d - Inner Flame                    Hexes/Fire                   3
   e - Sticky Flame                   Conjuration/Fire             4
   f - Fireball                       Conjuration/Fire             5
Comestibles
 c - a bread ration


   Skills:
 - Level 2.4 Dodging
 - Level 2.4 Stealth
 + Level 3.2 Spellcasting
 * Level 2.0 Conjurations
 + Level 3.5 Fire Magic


You had 6 spell levels left.
You knew the following spells:

 Your Spells              Type           Power        Failure   Level  Hunger
a - Flame Tongue          Conj/Fire      ##...        6%          1    None


You were on level 2 of the Dungeon.
You worshipped Xom.
You were a toy of Xom.
You were not hungry.

You visited 1 branch of the dungeon, and saw 2 of its levels.

## .. .# #######.###
......... #.....# ###
##########..#..# ...
.....()...#@#?..
#.#####.........#...#
#.......................
#...# #.........######r.
....# #.............
#...# #.......######
....# #.......#
#...###.......#
#........######

Notes
Turn   | Place    | Note
--------------------------------------------------------------
     0 | D:1      | ololoev the Deep Elf Fire Elementalist began the quest for the Orb.
     0 | D:1      | Reached XP level 1. HP: 10/10 MP: 6/6
   118 | D:2      | Found a faded altar to an unknown god.
   123 | D:2      | Reached XP level 2. HP: 15/15 MP: 5/8
   129 | D:2      | Became a worshipper of Xom the Tricky
   129 | D:2      | Quit the game

Dungeon Overview and Level Annotations

Branches:
Dungeon (2/15)

Altars:
Xom


Message History

Casting: Flame Tongue
Confirm with . or Enter, or press ? or * to list all spells.
Aiming: Flame Tongue
Press: ? - help, Shift-Dir - straight line, f/p - giant newt
Aim: a giant newt (heavily wounded)
The flame tongue hits the giant newt.
You kill the giant newt!
f - a dark potion
Found a dented steel amulet.
g - a dented steel amulet Put on which piece of jewellery? (? for menu, Esc to quit)
The world spins around you!
g - an amulet of dismissal (around neck)
Your magical contamination has completely faded away.
The world stops spinning.
An adder comes into view.
Found 11 bolts of flame and a hand axe.
Found a faded altar to an unknown god.
Found a scroll labeled MAUSOA YJEIN.
Casting: Flame Tongue
Confirm with . or Enter, or press ? or * to list all spells.
Aiming: Flame Tongue
Press: ? - help, Shift-Dir - straight line, f - adder
Aim: an adder (resting)
The flame tongue hits the adder.
The adder is moderately wounded.
Casting: Flame Tongue
Confirm with . or Enter, or press ? or * to list all spells.
Aiming: Flame Tongue
Press: ? - help, Shift-Dir - straight line, f/p - adder
Aim: an adder (moderately wounded)
The flame tongue hits the adder.
You kill the adder!
Your Conjurations skill increases to level 2!
You have reached level 2!
A rat comes into view.
There is a faded altar to an unknown god here.
This altar will convert you to a god.
You cannot discern which.
Do you pray? Xom accepts your prayer! Xom welcomes you!
Are you sure you want to abandon this character and quit the game? (Confirm with "yes".)

You could see a rat (sleeping).

Vanquished Creatures
  An adder (D:2)
  A giant cockroach (D:1)
  A hobgoblin (D:1)
  A giant newt (D:2)
  A kobold (D:1)
5 creatures vanquished.

Action                   || total
-------------------------++-------
 Cast: Flame Tongue      ||     7

Vault maps used:
D:1:      dpeg_arrival_chase, lemuel_flame_loot_1
D:2:      ecumenical_altar_1, kennysheep_generic_room_10
